 Dungeon Crawl Stone Soup version 0.30-a0-297-g0ec75d9ef4 (webtiles) character file.

Game seed: 5987801442121298488

1078 Hubris850 the Firebug (level 8, 0/69 HPs)
             Began as a Meteoran Cinder Acolyte on Oct 18, 2022.
             Was a Priest of Ignis.
             Slain by a gnoll
             ... wielding a +0 halberd
             ... led by a gnoll sergeant
              (11 damage)
             ... on level 6 of the Dungeon.
             The game lasted 00:13:00 (1576 turns).

Hubris850 the Firebug (Meteoran Cinder Acolyte)     Turns: 1576, Time: 00:13:01

Health: 0/69       AC: 12    Str: 17    XL:     8   Next: 84%
Magic:  16/16      EV: 12    Int: 16    God:    Ignis [***...]
Gold:   184        SH:  0    Dex: 10    Spells: 12/17 levels left

rFire   + . .      SeeInvis .    j - +0 flail (protect)
rCold   . . .      Faith    .    (no shield)
rNeg    . . .      Spirit   .    b - +0 robe
rPois   +          Reflect  .    d - +2 helmet
rElec   .          Harm     .    (no cloak)
rCorr   .          Rampage  .    (no gloves)
Will    +....                    (no boots)
Stlth   +.........               (no amulet)
HPRegen 0.31/turn                k - ring of wizardry
MPRegen 0.15/turn                m - ring of poison resistance

@: fiery-armoured, glowing
A: sense surroundings 1, otherworldly, glowing, explore regen
a: Renounce Religion, Fiery Armour, Foxfire Swarm, Rising Flame


You were on level 6 of the Dungeon.
You worshipped Ignis.
Ignis was most pleased with you.
You visited 1 branch of the dungeon, and saw 7 of its levels.

You collected 184 gold pieces.

Inventory:

Hand Weapons
 a - a -1 mace of flaming
 j - a +0 flail of protection (weapon)
 l - a +2 vampiric war axe
Missiles
 g - 19 poisoned darts (quivered)
 n - 4 boomerangs
Armour
 b - a +0 robe (worn)
 d - a +2 helmet (worn)
Magical Staves
 c - a staff of fire
Jewellery
 k - a ring of wizardry (left hand)
 m - a ring of poison resistance (right hand)
Wands
 p - a wand of roots (8)
Scrolls
 e - 4 scrolls of identify {unknown}
 f - a scroll of enchant weapon {unknown}
 h - a scroll of enchant armour {unknown}
 i - a scroll of vulnerability {unknown}
 q - a scroll of magic mapping {unknown}
 t - a scroll of noise {unknown}
 u - a scroll of brand weapon {unknown}
Potions
 o - a potion of magic
 r - a potion of mutation {unknown}
 s - a potion of resistance {unknown}
 v - a potion of curing


   Skills:
 + Level 5.5 Fighting
 + Level 5.5(6.0) Maces & Flails
 - Level 3.0(4.4) Staves
 + Level 2.7 Dodging
 + Level 5.1 Spellcasting
 + Level 2.8 Hexes
 + Level 6.1 Fire Magic
 - Level 3.0 Evocations


You had 12 spell levels left.
You knew the following spells:

 Your Spells              Type           Power      Damage    Failure   Level
a - Scorch                Fire           46%        2d7       1%          2
b - Tukima's Dance        Hex            13%        N/A       6%          3

Your spell library contained the following spells:

 Spells                   Type           Power      Damage    Failure   Level
 Passage of Golubria      Tloc           4%         N/A       50%         4
 Yara's Violent Unravell  Hex/Tmut       4%         3d4       65%         5


Dungeon Overview and Level Annotations

Branches:
Dungeon (7/15) Zot: 2588
 Temple: D:4-7

Altars:

Shops:
D:4 :


Innate Abilities, Weirdness & Mutations

You passively map a small area around you.
You are easily found by Zot.
You glow in the dark.
You regain HP and MP as you explore.


Message History

The iguana is heavily wounded.
The iguana bites you! The gnoll barely misses you.
You hit the iguana.
The iguana is almost dead.
The iguana bites you. The gnoll barely misses you.
You closely miss the iguana.
The iguana is almost dead.
The iguana bites you but does no damage.
You sock the iguana!
You kill the iguana!
You closely miss the gnoll. The gnoll hits you with a +0 whip.
The gnoll closely misses you.
You barely miss the gnoll. The gnoll barely misses you.
The gnoll hits you from afar with a +0 halberd.
You barely miss the gnoll. The gnoll completely misses you.
The gnoll closely misses you.
You hit the gnoll.
The gnoll is lightly wounded.
The gnoll hits you with a +0 whip.
The gnoll hits you from afar with a +0 halberd!
* * * LOW HITPOINT WARNING * * *
You hit the gnoll.
The gnoll is severely wounded.
The gnoll hits you but does no damage.
The gnoll hits you from afar with a +0 halberd!
* * * LOW HITPOINT WARNING * * *
A protective cloak of flame settles atop you.
The gnoll closely misses you. The gnoll barely misses you.
It was a potion of magic.
Magic courses through your body. The gnoll hits you but does no damage.
The gnoll is burned by your cloak of flames.
The gnoll is almost dead.
The gnoll barely misses you.
It was a potion of curing.
You feel better. The gnoll hits you but does no damage.
The gnoll is burned by your cloak of flames.
You kill the gnoll!
The gnoll hits you but does no damage. The gnoll hits you with a +0 halberd!
You die...

#.)......#*, *
#.#.# ...##
#.#.#...=.. *
#..........,
#..#....... *
#.###...gg.
#g.# .....g
#g#.#,..###
#@###,..# *
#.# *## , #.#
* #.# .###*
#.#########...
#.........#.#
#...........#
#####.......#
...........#


You could see 2 gnolls.

Vanquished Creatures
  A wyvern (D:5)
  Eustachio (D:5)
  An ice beast (D:7)
  A phantom (D:6)
  A kobold brigand (D:6)
  2 scorpions
  A necrophage (D:6)
  A hound (D:6)
  A jelly (D:5)
  An orc priest (D:4)
  3 iguanas
  2 orc wizards
  8 gnolls
  2 adders (D:4)
  A shadow imp (D:6)
  2 ufetubi
  17 orcs
  3 ball pythons
  2 bats (D:2)
  4 endoplasms
  A giant cockroach (D:1)
  A goblin (D:1)
  5 hobgoblins
  2 jackals (D:1)
  6 kobolds
  2 quokkas
  A frilled lizard (D:1)
  2 rats (D:1)
75 creatures vanquished.

Vanquished Creatures (others)
  20 foxfires (D:2)
20 creatures vanquished.

Grand Total: 95 creatures vanquished

Notes
Turn   | Place    | Note
-------+----------+-------------------------------------------
     0 | D:1      | Hubris850 the Meteoran Cinder Acolyte began the quest for
                  | the Orb.
     0 | D:1      | Reached XP level 1. HP: 19/19 MP: 3/3
    95 | D:1      | Reached XP level 2. HP: 11/26 MP: 5/5
   142 | D:1      | Reached XP level 3. HP: 22/31 MP: 6/6
   216 | D:2      | Noticed a scorpion
   221 | D:2      | Reached skill level 1 in Staves
   222 | D:2      | Killed a scorpion
   223 | D:2      | Reached skill level 4 in Fire Magic
   223 | D:2      | Reached skill level 1 in Evocations
   223 | D:2      | Reached XP level 4. HP: 37/40 MP: 6/8
   223 | D:2      | Reached XP level 5. HP: 43/46 MP: 6/9
   306 | D:3      | Learned a level 2 spell: Scorch
   377 | D:4      | Reached XP level 6. HP: 33/52 MP: 11/11
   469 | D:4      | Found Obitaige's Book Boutique.
   514 | D:5      | Entered Level 5 of the Dungeon
   587 | D:5      | Reached XP level 7. HP: 48/60 MP: 13/13
   594 | D:5      | Noticed Eustachio
   622 | D:5      | Killed Eustachio
   623 | D:5      | Reached skill level 5 in Fire Magic
   799 | D:5      | Learned a level 3 spell: Tukima's Dance
   811 | D:5      | Noticed a wyvern
   818 | D:5      | Killed a wyvern
   819 | D:5      | Reached skill level 5 in Fighting
   819 | D:5      | Reached skill level 1 in Dodging
   819 | D:5      | Reached skill level 1 in Hexes
  1062 | D:5      | Reached XP level 8. HP: 68/68 MP: 15/15
  1261 | D:6      | Reached skill level 5 in Maces & Flails
  1456 | D:6      | Reached skill level 5 in Spellcasting
  1456 | D:6      | Reached skill level 6 in Fire Magic
  1572 | D:6      | HP: 3/69 [gnoll/+0 halberd[a gnoll sergeant] (11)]
  1576 | D:6      | Slain by a gnoll

Illustrated notes

Levels and vault maps discovered:
D:1:      dpeg_arrival_short_road, layout_rooms
D:2:      layout_rooms, serial_shops, nicolae_shop_behind_doors,
          kennysheep_path_1
D:3:      minmay_door_path, layout_basic, hellmonk_guarded_unrand_hermit,
          uniq_robin
D:4:      layout_cave_pods, serial_shops,
          nicolae_shop_competitors_out_of_business,
          chequers_serial_rivers_micro_e
D:5:      nicolae_cairo_tiling_very_big, layout_basic,
          minmay_temple_entry_antechambers, amcnicky_mini_rare_corridor_liquid,
          uniq_eustachio
D:6:      layout_loops_ring, yredelemnul_altar_generic,
          chequers_serial_rivers_micro_e
D:7:      layout_basic, uniq_duvessa, uniq_menkaure

Skill      XL: |  1  2  3  4  5  6  7  8 |
---------------+-------------------------+-----
Staves         | 1 2 3 |  3.0
Spellcasting   | 2 3 4 5 |  5.1
Fire Magic     | 4 5 6 |  6.1
Evocations     | 1 2 3 |  3.0
Fighting       | 4 5 |  5.5
Dodging        | 1 2 |  2.7
Hexes          | 1 2 |  2.8
Maces & Flails | 5 |  5.5

Action                   |  1- 3 |  4- 6 |  7- 9 || total
-------------------------+-------+-------+-------++-------
Melee: Mace              |    46 |    13 |       ||    59
       Flail             |       |    47 |   111 ||   158
       Punch             |       |     1 |     2 ||     3
Throw: Dart              |       |       |    17 ||    17
 Cast: Scorch            |       |       |    12 ||    12
Invok: Fiery Armour      |     1 |     2 |     1 ||     4
       Foxfire Swarm     |     1 |       |       ||     1
Evoke: Wand              |       |       |     2 ||     2
  Use: Potion            |       |       |     5 ||     5
Armor: Robe              |    11 |    43 |    66 ||   120
       Skin              |       |       |     9 ||     9
Dodge: Dodged            |    21 |    44 |    93 ||   158

Table legend: (Time is in decaauts)
 A = Elapsed time spent in this place.
 B = Non-inter-level travel time spent in this place.
 C = Inter-level travel time spent in this place.
 D = Time resting spent in this place.
 E = Time spent auto-exploring this place.
 F = Levels seen in this place.
 G = Mean time per level.
                   A        B        C        D        E       F      G
               +--------+--------+--------+--------+--------+-----+--------+
         Total |   1610 |   1610 |      0 |    319 |     16 |   7 |  230.0 |
       Dungeon |   1610 |   1610 |      0 |    319 |     16 |   7 |  230.0 |
               +--------+--------+--------+--------+--------+-----+--------+

Top non-repeatable levels by time:
     D:5: 697 daAuts
     D:6: 329 daAuts
     D:1: 223 daAuts
     D:4: 166 daAuts
     D:3: 88 daAuts
     D:2: 53 daAuts
     D:7: 52 daAuts
